 Dungeon Crawl Stone Soup version 0.29-a0-575-g0dc89cf053 (webtiles) character file.

Game seed: 11740912012330764716

18519 Atelerd the Cleaver (level 12, 0/90 (106) HPs)
             Began as a Gnoll Chaos Knight on June 13, 2022.
             Was a Plaything of Xom.
             Slain by a vampire knight
             ... wielding a +0 war axe
              (5 damage)
             ... while paralysed by a vampire knight
             ... on level 11 of the Dungeon.
             The game lasted 00:25:28 (11150 turns).

Atelerd the Cleaver (Gnoll Chaos Knight)           Turns: 11150, Time: 00:25:29

HP:   0/90 (106)    AC: 15    Str: 15    XL:     12   Next: 59%
MP:   23/23         EV:  2    Int: 12    God:    Xom [..*...]
Gold: 236           SH:  0    Dex: 22    Spells: 23/25 levels left

rFire   . . .      SeeInvis +   b - +7 flail
rCold   . . .      Faith    .   G - +0 kite shield
rNeg    . . .      Spirit   .   x - +0 ring mail of Hairiness {Regen+ Dex+7}
rPois   .          Reflect  .   h - +1 hat {Will+}
rElec   .          Harm     .   N - +2 cloak
rCorr   .          Rampage  .   (no gloves)
Will    +....                   (no boots)
Stlth   ++++......              (no amulet)
HPRegen 1.05/turn               q - +4 ring of protection
MPRegen 0.18/turn               I - ring of see invisible

@: paralysed, heavily drained
A: fangs 1, strong nose, distributed training, horns 1, talons 1, agile 1,
robust 1, wild magic 1, MP-powered wands, sturdy frame 1
a: Renounce Religion


You were on level 11 of the Dungeon.
You worshipped Xom.
You were a toy of Xom.
You visited 1 branch of the dungeon, and saw 12 of its levels.

You collected 600 gold pieces.
You spent 364 gold pieces at shops.

Inventory:

Hand Weapons
 a - a +5 shortbow
 b - a +7 flail (weapon)
 e - a +0 dagger of draining
 F - a +0 hand axe of chaos
Missiles
 k - 9 boomerangs
 A - 2 throwing nets
 P - 4 curare-tipped darts
Armour
 g - a +0 helmet
 h - a +1 hat of willpower (worn)
 m - a +0 plate armour
 x - the +0 ring mail of Hairiness (worn) {Regen+ Dex+7}
   (You found it on level 4 of the Dungeon)

   Dex:       It affects your dexterity (+7).
   Regen:     It increases your rate of health regeneration.
 D - a +2 leather armour
 G - a +0 kite shield (worn)
 N - a +2 cloak (worn)
Jewellery
 o - the ring "Kimmy" {Ice Int+2}
   (You bought it in a shop on level 2 of the Dungeon)

   [ring of ice]

   It enhances your ice magic.
   Int:       It affects your intelligence (+2).
   rF:        It makes you vulnerable to fire.
   rC:        It protects you from cold.
 q - a +4 ring of protection (left hand)
 B - a ring of poison resistance
 I - a ring of see invisible (right hand)
 Q - a ring of resist corrosion
Wands
 s - a wand of paralysis (12)
 t - a wand of acid (11)
 C - a wand of polymorph (8)
Scrolls
 f - a scroll of torment
 l - 3 scrolls of teleportation
 r - 2 scrolls of fear
 w - 5 scrolls of blinking
 y - a scroll of amnesia
 E - a scroll of noise
 K - a scroll of fog
 L - a scroll of vulnerability
Potions
 d - 3 potions of brilliance
 i - 2 potions of flight
 j - 2 potions of lignification {unknown}
 n - a potion of magic {unknown}
 p - a potion of cancellation {unknown}
 u - a potion of degeneration
 v - 5 potions of attraction
 z - 2 potions of mutation {unknown}
 H - 2 potions of ambrosia {unknown}
 J - 2 potions of might {unknown}
 M - 2 potions of haste {unknown}
 O - a potion of berserk rage {unknown}
Miscellaneous
 c - a piece from Xom's chessboard (4/15) (quivered)


   Skills:
 + Level 10.0 Fighting
 + Level 7.4 Short Blades
 + Level 7.4 Long Blades
 + Level 10.0 Axes
 + Level 7.4 Maces & Flails
 + Level 7.4 Polearms
 + Level 7.4 Staves
 + Level 7.4 Slings
 + Level 7.4 Bows
 + Level 7.4 Crossbows
 + Level 7.4 Throwing
 + Level 8.8 Armour
 + Level 7.9 Dodging
 + Level 7.4 Stealth
 + Level 7.4 Shields
 + Level 7.4 Unarmed Combat
 + Level 7.4 Spellcasting
 + Level 6.2 Conjurations
 + Level 6.2 Hexes
 + Level 6.2 Summonings
 + Level 6.2 Necromancy
 + Level 6.2 Translocations
 + Level 6.2 Transmutations
 + Level 6.2 Fire Magic
 + Level 6.2 Ice Magic
 + Level 6.2 Air Magic
 + Level 6.2 Earth Magic
 + Level 6.2 Poison Magic
 + Level 8.1 Invocations
 + Level 7.4 Evocations


You had 23 spell levels left.
You knew the following spells:

 Your Spells              Type           Power      Damage    Failure   Level
a - Blink                 Tloc           50%        N/A       10%         2

Your spell library contained the following spells:

 Spells                   Type           Power      Damage    Failure   Level
 Freeze                   Ice            100%       1d11      7%          1
 Sting                    Tmut/Pois      100%       1d8       7%          1
 Poisonous Vapours        Pois/Air       50%        N/A       10%         2
 Sublimation of Blood     Necr           25%        N/A       10%         2
 Call Canine Familiar     Summ           25%        N/A       17%         3
 Lesser Beckoning         Tloc           25%        N/A       17%         3
 Portal Projectile        Hex/Tloc       50%        N/A       17%         3
 Corpse Rot               Necr/Pois/Air  25%        N/A       47%         4
 Dispel Undead            Necr           25%        3d12      47%         4
 Leda's Liquefaction      Hex/Erth       12%        N/A       47%         4
 Olgreb's Toxic Radiance  Pois           25%        N/A       47%         4
 Petrify                  Tmut/Erth      25%        N/A       47%         4
 Irradiate                Conj/Tmut      12%        3d17      82%         5
 Manifold Assault         Tloc           25%        N/A       82%         5
 Death Channel            Necr           12%        N/A       100%        6
 Ozocubu's Refrigeration  Ice            12%        4d7       100%        7
 Necromutation            Tmut/Necr      12%        N/A       100%        8


Dungeon Overview and Level Annotations

Branches:
Dungeon (12/15)            Temple (0/1) D:7            Lair (0/6) D:11
    Orc (0/2) D:11

Altars:
Ashenzari
Cheibriados
Dithmenos
Elyvilon
Fedhas
Hepliaklqana
Qazlal
Ru
Trog
Uskayaw
Wu Jian
Xom
Yredelemnul

Shops:
D:2 *   D:4 (

Portals:
Abyss: D:8

Annotations:
D:8 2 transporters, exclusion: door, Essalna's ghost, novice DrTm
D:11 exclusion: upstairs
D:12 2 runed translucent doors, Lekart's ghost, journeyman DrCK


Innate Abilities, Weirdness & Mutations

You have very sharp teeth.
Your uncanny sense of smell can sniff out nearby items.
Your experience applies equally to all skills.
You have a pair of small horns on your head.
You have sharp toenails.
You are agile. (Dex +2)
You are robust. (+10% HP)
Your spells are a little harder to cast, but a little more powerful.
You expend magic power (3 MP) to strengthen your wands.
Your movements are slightly less encumbered by armour. (ER -2)


Message History

Aim: a vampire knight, wielding a +0 war axe and wearing a +0 plate armour (lightly damaged, fast, slightly transparent, 79% to hit)
You throw a throwing net.
The throwing net hits the vampire knight.
The vampire knight is caught in the net!
The vampire knight is lightly damaged.
The vampire knight struggles against the net. x2
You hit the vampire knight but do no damage.
You claw the vampire knight, but do no damage.
The vampire knight is lightly damaged.
The vampire knight struggles against the net.
The net rips apart, and the vampire knight comes free!
Unknown command.
You closely miss the vampire knight.
You claw the vampire knight, but do no damage.
The vampire knight is lightly damaged.
The vampire knight hits you with a +0 war axe!
The vampire knight misses you.
The vampire knight hits you but does no damage.
You block the vampire knight's attack.
You hit the vampire knight. You claw the vampire knight.
You headbutt the vampire knight, but do no damage.
The vampire knight is moderately damaged.
The vampire knight casts a spell at you.
You suddenly lose the ability to move!
The vampire knight hits you with a +0 war axe!
The vampire knight bites you!
The vampire knight draws strength from your injuries!
The vampire knight hits you with a +0 war axe!
The vampire knight bites you but does no damage.
The vampire knight hits you with a +0 war axe!
The vampire knight bites you!
* * * LOW HITPOINT WARNING * * *
The vampire knight draws strength from your injuries!
The vampire knight points at you and mumbles some strange words.
You resist with almost no effort.
The vampire knight hits you with a +0 war axe!
* * * LOW HITPOINT WARNING * * *
The vampire knight bites you.
You die...
Xom is highly amused!

#....#................♣.#........
#....###'##....<♣..P.......######
#....# #.##......P.......P..# #
#....###'##.....P.......♣...# #
###'###...#........P....P...# #
###..##...#......♣....♣.....# #
......'...'...P.......♣.....# #
####..#...###....P..>..♣....# #
##.#...# #.^.@V.....♣....# #
#.....# #.....P..P......#####
######....# ##....[..........>...
.....#...## #....♣P..P....######
.........######)....♣....♣##
.........##.......P......#
.........##...........P###
.........##.........#######
...).###>.+...............#


You could see a vampire knight (fast, invisible).

Vanquished Creatures
  Gastronok (D:8)
  A hydra (D:12)
  Harold (D:11)
  Erica (D:8)
  2 two-headed ogres
  Sonja (D:11)
  Amaemon (D:8)
  A flayed ghost (D:11)
  A wizard (D:11)
  2 deep elf pyromancers (D:12)
  An orc knight (D:11)
  A manticore (D:12)
  A cyclops (D:12)
  A faun (shapeshifter) (D:11)
  An ugly thing (D:12)
  2 unseen horrors
  An orange demon (D:8)
  2 trolls
  Grinder (D:3)
  A shadow (D:10)
  A centaur simulacrum (D:11)
  A vampire (D:12)
  3 wyverns
  2 steam dragons
  13 yaks
  10 vampire mosquitoes
  4 water moccasins (D:11)
  3 orc warriors
  6 black bears
  A tengu (D:4)
  2 wolves (D:11)
  2 centaurs
  3 phantoms
  2 bullfrogs
  4 necrophages
  6 scorpions
  3 gnoll sergeants
  2 howler monkeys (D:8)
  2 orc priests
  A jelly (D:6)
  A gnoll shaman (D:6)
  2 hounds
  8 iguanas
  2 orc wizards
  A mummy (D:5)
  11 gnolls
  9 adders
  2 shadow imps (D:7)
  A white imp (D:5)
  2 ufetubi (D:5)
  3 dart slugs
  24 orcs
  2 bats (D:1)
  8 endoplasms
  3 giant cockroaches
  5 goblins
  6 hobgoblins
  3 jackals (D:3)
  10 kobolds
  2 quokkas
  10 ball pythons
  2 frilled lizards (D:1)
  A rat (D:2)
213 creatures vanquished.

Vanquished Creatures (collateral kills)
  A steam dragon (D:8)
  A centaur (D:5)
2 creatures vanquished.

Vanquished Creatures (others)
  An ice beast (D:5)
  2 fungi (D:11)
  14 plants
17 creatures vanquished.

Grand Total: 232 creatures vanquished

Notes
Turn   | Place    | Note
-------+----------+-------------------------------------------
     0 | D:1      | Atelerd the Gnoll Chaos Knight began the quest for the Orb.
     0 | D:1      | Reached XP level 1. HP: 23/23 MP: 1/1
    32 | D:1      | XOM: silly message
   120 | D:1      | XOM: potion effect (might)
   122 | D:1      | Reached XP level 2. HP: 24/29 MP: 2/2
   233 | D:1      | XOM: noise
   239 | D:1      | Found a faded altar of an unknown god.
   463 | D:1      | XOM: noise
   724 | D:1      | Reached XP level 3. HP: 35/35 MP: 3/3
  1083 | D:2      | Reached skill level 1 in Invocations
  1167 | D:2      | Found Adacsa's Assorted Antiques.
  1238 | D:2      | XOM: silly message
  1411 | D:2      | XOM: noise
  1517 | D:2      | Reached skill level 1 in Short Blades
  1517 | D:2      | Reached skill level 1 in Long Blades
  1517 | D:2      | Reached skill level 1 in Maces & Flails
  1517 | D:2      | Reached skill level 1 in Polearms
  1517 | D:2      | Reached skill level 1 in Staves
  1517 | D:2      | Reached skill level 1 in Slings
  1517 | D:2      | Reached skill level 1 in Bows
  1517 | D:2      | Reached skill level 1 in Crossbows
  1517 | D:2      | Reached skill level 1 in Throwing
  1517 | D:2      | Reached skill level 1 in Stealth
  1517 | D:2      | Reached skill level 1 in Shields
  1517 | D:2      | Reached skill level 1 in Unarmed Combat
  1517 | D:2      | Reached skill level 1 in Spellcasting
  1517 | D:2      | Reached skill level 1 in Evocations
  1577 | D:2      | Bought a translucent lead ring for 100 gold pieces
  1577 | D:2      | Identified the ring "Kimmy" {Ice Int+2} (You bought it in a
                  | shop on level 2 of the Dungeon)
  1671 | D:3      | Reached XP level 4. HP: 40/41 MP: 5/5
  1703 | D:3      | XOM: scenery: create altars
  2089 | D:3      | Noticed Grinder
  2118 | D:3      | Killed Grinder
  2119 | D:3      | Reached skill level 1 in Conjurations
  2119 | D:3      | Reached skill level 1 in Hexes
  2119 | D:3      | Reached skill level 1 in Summonings
  2119 | D:3      | Reached skill level 1 in Necromancy
  2119 | D:3      | Reached skill level 1 in Translocations
  2119 | D:3      | Reached skill level 1 in Transmutations
  2119 | D:3      | Reached skill level 1 in Fire Magic
  2119 | D:3      | Reached skill level 1 in Ice Magic
  2119 | D:3      | Reached skill level 1 in Air Magic
  2119 | D:3      | Reached skill level 1 in Earth Magic
  2119 | D:3      | Reached skill level 1 in Poison Magic
  2119 | D:3      | Reached XP level 5. HP: 26/47 MP: 5/7
  2119 | D:3      | Reached XP level 6. HP: 29/53 MP: 5/8
  2703 | D:3      | XOM: give mutations
  2703 | D:3      | Gained mutation: Your spells are a little harder to cast,
                  | but a little more powerful. [Xom's grace]
  2703 | D:3      | Gained mutation: You have a pair of small antennae on your
                  | head. [Xom's grace]
  2703 | D:3      | Gained mutation: You are agile. (Dex +2) [Xom's grace]
  2703 | D:3      | Gained mutation: Your spells are harder to cast, but more
                  | powerful. [Xom's grace]
  2723 | D:3      | XOM: scenery: create altars
  2776 | D:3      | XOM: god gift: wand of acid (6)
  2858 | D:3      | XOM: god gift: scroll labelled ZOR JA DAU {god gift}
  2984 | D:2      | Bought a golden potion for 18 gold pieces
  2984 | D:2      | Bought 2 dark potions for 36 gold pieces
  2984 | D:2      | Bought a scroll labelled DOOFFUVV SUCH for 20 gold pieces
  3041 | D:4      | XOM: fog
  3054 | D:4      | Reached skill level 5 in Armour
  3081 | D:4      | Identified the +0 ring mail of Hairiness {Regen+ Dex+7}
  3210 | D:4      | Found a sacrificial altar of Ru.
  3247 | D:4      | XOM: polymorph scorpion -> wolf
  3249 | D:4      | XOM: polymorph wolf -> tengu
  3258 | D:4      | Reached XP level 7. HP: 47/60 MP: 10/10
  3459 | D:4      | Found Ecki Yre's Weapon Boutique.
  3491 | D:4      | XOM: confusion
  3494 | D:4      | XOM: summons friendly shadow imp
  3572 | D:4      | Found a shadowy altar of Dithmenos.
  3679 | D:4      | XOM: god gift: Young Poisoner's Handbook
  3842 | D:5      | Entered Level 5 of the Dungeon
  3893 | D:5      | Found a snail-covered altar of Cheibriados.
  3990 | D:5      | XOM: scenery: 1 doors open
  4075 | D:5      | Reached XP level 8. HP: 67/67 MP: 12/12
  4090 | D:5      | XOM: give mutations
  4090 | D:5      | Gained mutation: You have sharp toenails. [Xom's grace]
  4090 | D:5      | Gained mutation: Your movements are slightly less
                  | encumbered by armour. (ER -2) [Xom's grace]
  4090 | D:5      | Gained mutation: You expend magic power (3 MP) to
                  | strengthen your wands. [Xom's grace]
  4090 | D:5      | Gained mutation: You have razor-sharp toenails. [Xom's
                  | grace]
  4111 | D:5      | XOM: cast spell 'Summon Mana Viper'
  4171 | D:5      | XOM: give mutation
  4171 | D:5      | Gained mutation: Your flesh is cold resistant. (rC+) [Xom's
                  | grace]
  4181 | D:5      | XOM: divine lightning
  4406 | D:5      | Found a faded altar of an unknown god.
  4408 | D:5      | Found a hazy altar of Hepliaklqana.
  4622 | D:6      | XOM: divination: magic mapping
  4737 | D:6      | XOM: god gift: 15 stones
  4890 | D:6      | Found an ornate altar of the Wu Jian Council.
  4931 | D:6      | XOM: cloud trail
  4974 | D:6      | Reached XP level 9. HP: 55/72 MP: 14/14
  4983 | D:6      | XOM: god gift: black potion {god gift}
  5403 | D:7      | XOM: scenery: create altars
  5433 | D:7      | XOM: scenery: create altars
  5538 | D:7      | Found a white marble altar of Elyvilon.
  5638 | D:7      | Found a bloodstained altar of Trog.
  5698 | D:7      | Reached skill level 5 in Dodging
  5775 | D:7      | Found a staircase to the Ecumenical Temple.
  5855 | D:7      | Found a blossoming altar of Fedhas.
  5969 | D:8      | Noticed a sun demon
  5970 | D:8      | Noticed Essalna's ghost (novice DrTm)
  5991 | D:8      | XOM: give mutation
  5991 | D:8      | Gained mutation: You are robust. (+10% HP) [Xom's grace]
  6001 | D:8      | Found a transporter.
  6003 | D:8      | Found a transporter.
  6003 | D:8      | Noticed an orange demon
  6005 | D:8      | Noticed Amaemon
  6013 | D:8      | Killed an orange demon
  6031 | D:8      | XOM: smoke on damage
  6036 | D:8      | XOM: scenery: create altars
  6046 | D:8      | Killed Amaemon
  6047 | D:8      | Reached skill level 5 in Invocations
  6052 | D:8      | XOM: cast spell 'Summon Mana Viper'
  6056 | D:8      | Reached XP level 10. HP: 16/88 MP: 17/17
  6059 | D:8      | Noticed Gastronok
  6064 | D:8      | Found a one-way gate to the infinite horrors of the Abyss.
  6098 | D:8      | XOM: cleaving
  6101 | D:8      | XOM: butterfly on damage
  6108 | D:8      | Killed Gastronok
  6109 | D:8      | Reached skill level 5 in Short Blades
  6109 | D:8      | Reached skill level 5 in Long Blades
  6109 | D:8      | Reached skill level 5 in Maces & Flails
  6109 | D:8      | Reached skill level 5 in Polearms
  6109 | D:8      | Reached skill level 5 in Staves
  6109 | D:8      | Reached skill level 5 in Slings
  6109 | D:8      | Reached skill level 5 in Bows
  6109 | D:8      | Reached skill level 5 in Crossbows
  6109 | D:8      | Reached skill level 5 in Throwing
  6109 | D:8      | Reached skill level 5 in Stealth
  6109 | D:8      | Reached skill level 5 in Shields
  6109 | D:8      | Reached skill level 5 in Unarmed Combat
  6109 | D:8      | Reached skill level 5 in Spellcasting
  6109 | D:8      | Reached skill level 5 in Evocations
  6132 | D:8      | XOM: give mutation
  6132 | D:8      | Lost mutation: You have a pair of small antennae on your
                  | head. [Xom's mischief]
  6199 | D:8      | Found the +8 demon trident "Rift" {distort, reach+}
  6280 | D:8      | Noticed a +0 dagger
  6281 | D:8      | Noticed a +0 spear
  6281 | D:8      | Noticed a +0 spear
  6281 | D:8      | Noticed a +0 short sword
  6282 | D:8      | Noticed a +0 dagger
  6282 | D:8      | Noticed a +0 short sword
  6282 | D:8      | Noticed a +0 falchion
  6284 | D:8      | Noticed a +0 falchion
  6288 | D:8      | Found a hide-covered altar of Uskayaw.
  6292 | D:8      | XOM: enchant monster (bad)
  6379 | D:8      | Noticed a two-headed ogre
  6384 | D:8      | XOM: noise
  6386 | D:8      | Killed a two-headed ogre
  6410 | D:8      | XOM: 3-stop teleportation journey
  6723 | D:8      | Noticed Erica
  6733 | D:8      | Killed Erica
  6734 | D:8      | Reached XP level 11. HP: 86/95 MP: 19/19
  6982 | D:2      | XOM: noise
  7096 | D:2      | Bought a glowing cloak for 150 gold pieces
  7096 | D:2      | Bought a scroll of identify for 40 gold pieces
  7258 | D:9      | XOM: noise
  7565 | D:9      | XOM: silly message
  7756 | D:9      | You fall into a shaft and drop 2 floors!
  7792 | D:10     | Entered Level 10 of the Dungeon
  7821 | D:10     | Noticed a two-headed ogre
  7858 | D:10     | Found a basalt altar of Yredelemnul.
  7890 | D:10     | Found a stormy altar of Qazlal.
  7902 | D:10     | Found a sacrificial altar of Ru.
  7910 | D:10     | XOM: divination: detect items
  7916 | D:10     | XOM: noise
  7919 | D:10     | Found a broken altar of Ashenzari.
  7935 | D:10     | XOM: torment (48/97 hp)
  7944 | D:10     | Reached skill level 5 in Conjurations
  7944 | D:10     | Reached skill level 5 in Hexes
  7944 | D:10     | Reached skill level 5 in Summonings
  7944 | D:10     | Reached skill level 5 in Necromancy
  7944 | D:10     | Reached skill level 5 in Translocations
  7944 | D:10     | Reached skill level 5 in Transmutations
  7944 | D:10     | Reached skill level 5 in Fire Magic
  7944 | D:10     | Reached skill level 5 in Ice Magic
  7944 | D:10     | Reached skill level 5 in Air Magic
  7944 | D:10     | Reached skill level 5 in Earth Magic
  7944 | D:10     | Reached skill level 5 in Poison Magic
  7949 | D:10     | XOM: give mutations
  7949 | D:10     | Gained mutation: Your muscles are strong. (Str +2) [Xom's
                  | grace]
  7949 | D:10     | Gained mutation: You possess an exceptional clarity of
                  | mind. [Xom's grace]
  7972 | D:10     | XOM: polymorph yak -> komodo dragon
  7975 | D:10     | XOM: 1-stop teleportation journey
  7985 | D:10     | XOM: swap monsters
  8105 | D:10     | XOM: summons friendly ufetubus
  8111 | D:10     | XOM: noise
  8115 | D:10     | XOM: cast spell 'Alistair's Intoxication'
  8117 | D:10     | XOM: silly message
  8120 | D:10     | XOM: polymorph yak -> floating eye
  8124 | D:10     | Paralysed by a floating eye for 2 turns
  8665 | D:11     | XOM: enchant monster (bad)
  8684 | D:11     | XOM: chaos cloud
  8703 | D:11     | Found a staircase to the Lair.
  8706 | D:11     | Found a staircase to the Orcish Mines.
  8745 | D:11     | XOM: noise
  8753 | D:11     | XOM: noise
  8755 | D:11     | XOM: give mutations
  8755 | D:11     | Lost mutation: Your muscles are strong. (Str +2) [Xom's
                  | mischief]
  8755 | D:11     | Gained mutation: You have a pair of small horns on your
                  | head. [Xom's mischief]
  8834 | D:11     | Noticed Harold
  8850 | D:11     | Killed Harold
  8907 | D:11     | XOM: 1-stop teleportation journey
  8982 | D:11     | Noticed a tengu warrior
  8982 | D:11     | Noticed a wizard
  8988 | D:11     | XOM: cast spell 'Dispersal'
  8992 | D:11     | XOM: enchant monster (bad)
  9000 | D:11     | XOM: summons friendly crimson imp
  9291 | D:11     | Noticed Sonja
  9304 | D:11     | XOM: summons 6 friendly demons
  9306 | D:11     | Noticed a glowing shapeshifter
  9306 | D:11     | a tengu warrior changed into a glowing shapeshifter
  9306 | D:11     | XOM: polymorph tengu warrior -> glowing shapeshifter
  9306 | D:11     | Noticed a swamp dragon
  9306 | D:11     | a glowing shapeshifter changed into a swamp dragon
  9312 | D:11     | Noticed a faun
  9312 | D:11     | a swamp dragon changed into a faun
  9317 | D:11     | Killed a faun
  9346 | D:11     | Killed Sonja
  9385 | D:11     | Killed a wizard
  9386 | D:11     | Reached XP level 12. HP: 105/105 MP: 20/22
  9436 | D:11     | XOM: summons 3 hostile demons
  9440 | D:11     | XOM: silly message
  9683 | D:11     | XOM: summons 3 hostile demons
  9691 | D:11     | Noticed a vampire knight
  9711 | D:11     | Paralysed by a vampire knight for 2 turns
  9715 | D:11     | XOM: summons 6 friendly demons
  9752 | D:12     | XOM: give mutations
  9752 | D:12     | Lost mutation: Your flesh is cold resistant. (rC+) [Xom's
                  | mischief]
  9752 | D:12     | Lost mutation: Your spells are harder to cast, but more
                  | powerful. [Xom's mischief]
  9752 | D:12     | Lost mutation: You possess an exceptional clarity of mind.
                  | [Xom's mischief]
  9752 | D:12     | Lost mutation: You have razor-sharp toenails. [Xom's
                  | mischief]
  9920 | D:12     | XOM: silly message
  9928 | D:12     | Noticed a two-headed ogre
  9939 | D:12     | Killed a two-headed ogre
 10009 | D:12     | Learned a level 2 spell: Blink
 10137 | D:12     | Got Bochus's Guide on the Frostbite and Transformation
 10162 | D:12     | XOM: confuse monster(s)
 10249 | D:12     | XOM: scenery: summon butterflies
 10358 | D:12     | Found a runed translucent door.
 10362 | D:12     | Noticed a fire giant
 10363 | D:12     | Noticed a centaur warrior
 10363 | D:12     | Noticed an eight-headed hydra
 10363 | D:12     | Noticed a shadow dragon
 10363 | D:12     | Noticed a lich
 10377 | D:12     | XOM: fog
 10385 | D:12     | Killed an eight-headed hydra
 10438 | D:12     | Noticed Lekart's ghost (journeyman DrCK)
 10446 | D:12     | Found a runed translucent door.
 10525 | D:12     | XOM: god gift: 21 stones
 10576 | D:12     | XOM: polymorph green ugly thing -> purple ugly thing
 10581 | D:12     | XOM: summons 2 hostile demons
 10592 | D:12     | Reached skill level 10 in Fighting
 10592 | D:12     | Reached skill level 10 in Axes
 10936 | D:12     | XOM: draining
 11135 | D:11     | XOM: swap monsters
 11147 | D:11     | Paralysed by a vampire knight for 5 turns
 11150 | D:11     | Slain by a vampire knight

Illustrated notes

Levels and vault maps discovered:
D:1:      lemuel_arrival_funnel, layout_basic, basic_ecumenical_altar
D:2:      layout_loops_ring, serial_shops, shop, serial_bayou_pond_d,
          kennysheep_generic_room_12
D:3:      layout_loops_ring, serial_co_window_serial, co_window_paths_a,
          co_window_of_opportunity_a, co_window_paths_a, co_window_paths_b,
          co_window_corner_a, co_window_corner_a, co_window_of_opportunity_a,
          co_window_of_opportunity_b, co_window_broadway_b,
          co_window_of_opportunity_c, co_window_2corner, co_window_broadway_c,
          co_window_corner_b, glass_columns_b, glass_columns_a, glass_columns_a,
          glass_columns_b, minmay_misc_feat_iff, hangedman_feature_mirror,
          uniq_grinder
D:4:      layout_rooms, grunt_dithmenos_smoke_and_mirrors, serial_shops,
          nicolae_shop_stone, minmay_ruined_shrine
D:5:      layout_basic, beargit_hepliaklqana_dungeon_heroes, slow_altar_1,
          hangedman_decor_growths
D:6:      layout_rooms, nzn_wu_jian_council_hall, nrook_loot_triangle,
          grunt_ministairs_6, corexii_corridor_pit
D:7:      layout_loops_cross, kennysheep_mini, lemuel_coloured_pillars_altar,
          trog_butcher_becter, minmay_temple_entry_overgrown
D:8:      layout_basic, nicolae_uskayaw_en_pointe,
          gammafunk_ghost_abyssal_escape, uniq_amaemon, uniq_gastronok,
          uniq_erica
D:9:      hellmonk_destroyed_diamonds, layout_long_grid,
          kb_lookout_dungeons_type
D:10:     layout_layer_cave, overflow_temple_1_default, lemuel_tele_altar,
          marbit_many_paths, mainiacjoe_overflow_large_starburst, special_room
          [special_room_orc], uniq_erolcha
D:11:     minmay_sliced_demisemicircle, layout_basic, minmay_lair_entry_grove,
          orc_0_dummy, uniq_harold, uniq_sonja
D:12:     layout_cave_pods, muffindrake_ghost_dual_entry,
          chequers_serial_rivers_large_a, chequers_mini_garden

Skill      XL: |  1  2  3  4  5  6  7  8  9 10 11 12 |
---------------+-------------------------------------+-----
Invocations    | 1 2 3 4 5 6 7 8 |  8.1
Short Blades   | 1 2 3 4 5 6 7 |  7.4
Long Blades    | 1 2 3 4 5 6 7 |  7.4
Maces & Flails | 1 2 3 4 5 6 7 |  7.4
Polearms       | 1 2 3 4 5 6 7 |  7.4
Staves         | 1 2 3 4 5 6 7 |  7.4
Slings         | 1 2 3 4 5 6 7 |  7.4
Bows           | 1 2 3 4 5 6 7 |  7.4
Crossbows      | 1 2 3 4 5 6 7 |  7.4
Throwing       | 1 2 3 4 5 6 7 |  7.4
Stealth        | 1 2 3 4 5 6 7 |  7.4
Shields        | 1 2 3 4 5 6 7 |  7.4
Unarmed Combat | 1 2 3 4 5 6 7 |  7.4
Spellcasting   | 1 2 3 4 5 6 7 |  7.4
Evocations     | 1 2 3 4 5 6 7 |  7.4
Dodging        | 3 4 5 6 7 |  7.9
Conjurations   | 1 2 3 4 5 6 |  6.2
Hexes          | 1 2 3 4 5 6 |  6.2
Summonings     | 1 2 3 4 5 6 |  6.2
Necromancy     | 1 2 3 4 5 6 |  6.2
Translocations | 1 2 3 4 5 6 |  6.2
Transmutations | 1 2 3 4 5 6 |  6.2
Fire Magic     | 1 2 3 4 5 6 |  6.2
Ice Magic      | 1 2 3 4 5 6 |  6.2
Air Magic      | 1 2 3 4 5 6 |  6.2
Earth Magic    | 1 2 3 4 5 6 |  6.2
Poison Magic   | 1 2 3 4 5 6 |  6.2
Armour         | 5 6 7 8 |  8.8
Fighting       | 7 8 9 10 | 10.0
Axes           | 7 8 9 10 | 10.0

Action                   |  1- 3 |  4- 6 |  7- 9 | 10-12 || total
-------------------------+-------+-------+-------+-------++-------
Melee: Hand axe          |    82 |   102 |   101 |       ||   285
       Bite              |     7 |     8 |    22 |    68 ||   105
       Punch             |       |     3 |     5 |       ||     8
       Kick              |       |       |    27 |   167 ||   194
       Flail             |       |       |    52 |   444 ||   496
       Headbutt          |       |       |       |    63 ||    63
 Fire: Shortbow          |       |       |   131 |    39 ||   170
Throw: Throwing net      |       |       |       |     4 ||     4
Evoke: Piece from Xom's  |       |     6 |     1 |    18 ||    25
       Wand              |       |       |       |    10 ||    10
  Use: Scroll            |       |     5 |     1 |     9 ||    15
       Potion            |       |       |     3 |    10 ||    13
 Stab: Sleeping          |     2 |     1 |     3 |     3 ||     9
       Petrified         |       |     8 |       |     4 ||    12
       Petrifying        |       |     2 |       |       ||     2
       Invisible         |       |       |     2 |       ||     2
       Paralysed         |       |       |       |    11 ||    11
       Distracted        |       |       |       |     2 ||     2
       Held in net/web   |       |       |       |     1 ||     1
Armor: Leather armour    |    17 |       |       |       ||    17
       Plate armour      |    28 |    36 |       |       ||    64
       Ring mail         |       |    20 |    99 |   243 ||   362
Dodge: Dodged            |    35 |    41 |   227 |   335 ||   638
Block: Kite shield       |       |       |       |   376 ||   376

Table legend: (Time is in decaauts)
 A = Elapsed time spent in this place.
 B = Non-inter-level travel time spent in this place.
 C = Inter-level travel time spent in this place.
 D = Time resting spent in this place.
 E = Time spent auto-exploring this place.
 F = Levels seen in this place.
 G = Mean time per level.
                   A        B        C        D        E       F      G
               +--------+--------+--------+--------+--------+-----+--------+
         Total |  11365 |  10583 |    782 |   1173 |   7083 |  12 |  947.1 |
       Dungeon |  11365 |  10583 |    782 |   1173 |   7083 |  12 |  947.1 |
               +--------+--------+--------+--------+--------+-----+--------+

Top non-repeatable levels by time:
    D:11: 1812 daAuts
    D:12: 1378 daAuts
     D:3: 1373 daAuts
     D:2: 1246 daAuts
     D:8: 1197 daAuts
     D:7: 961 daAuts
     D:1: 746 daAuts
     D:5: 716 daAuts
     D:4: 699 daAuts
     D:6: 559 daAuts
     D:9: 372 daAuts
    D:10: 300 daAuts
